Map: Lightshade LE

Players

ShoWTimE

  • Race: Protoss Protoss
  • League: Master
  • Spawn Location: 11:00

AGOElazer (Elazer) - Winner!

  • Race: Zerg Zerg
  • Spawn Location: 5:00

Event: DreamHack SC2 Masters 2020 Winter

VOD

Have the link to the VOD?

Description

Time

  • Played on: Nov. 1, 2020, 11:11 a.m.
  • Length: 13:25

All games in this series

Show
View Real Time Build Order
Export as new Build Order

ShoWTimE Protoss 

Build Orders: 1 Gate Expand, Mass Adepts 

Get SALT Encoding   

  12  0:00  Probe  
  13  0:12  Probe  
  14  0:19  Pylon  
  14  0:24  Probe  
  15  0:37  Probe (Chrono Boost)  
  15  0:39  Gateway  
  16  0:45  Probe (Chrono Boost)  
  16  0:49  Assimilator  
  17  0:51  Probe  
  18  1:03  Probe  
  19  1:15  Probe  
  20  1:26  Nexus  
  20  1:36  Cybernetics Core  
  20  1:39  Probe  
  21  1:45  Assimilator  
  21  1:51  Probe  
  22  1:54  Pylon  
  22  2:03  Probe (Chrono Boost)  
  23  2:10  Adept (Chrono Boost)  
  23  2:13  Warp Gate  
  23  2:15  Probe (Chrono Boost)  
  26  2:22  Probe (Chrono Boost)  
  27  2:25  Twilight Council  
  27  2:29  Probe  
  27  2:33  Stalker (Chrono Boost)  
  30  2:38  Probe  
  30  2:41  Probe  
  32  2:50  Probe  
  33  2:53  Robotics Facility  
  33  2:54  Probe  
  34  3:02  Probe (Chrono Boost)  
  35  3:06  Gateway  
  35  3:12  Probe (Chrono Boost)  
  36  3:13  Resonating Glaives (Chrono Boost)  
  36  3:14  Probe (Chrono Boost)  
  37  3:21  Adept, Probe (Chrono Boost)  
  37  3:23  Probe (Chrono Boost)  
  41  3:28  Probe  
  41  3:32  Gateway  
  43  3:37  Gateway  
  43  3:40  Warp Prism (Chrono Boost)  
  42  3:47  Pylon  
  44  3:55  Gateway  
  44  3:58  Gateway  
  44  4:04  Adept  
  44  4:05  Adept  
  44  4:08  Pylon  
  48  4:14  Probe x2  
  50  4:27  Adept x3  
  50  4:29  Pylon  
  50  4:30  Adept  
  58  4:36  Pylon  
  58  4:37  Pylon  
  56  4:47  Adept  
  56  4:48  Adept x2  
  56  4:51  Adept  
  56  4:52  Adept  
  66  4:53  Adept  
  68  5:00  Pylon  
  68  5:11  Adept x3  
  68  5:12  Adept  
  66  5:15  Adept x2  
  58  5:35  Adept x6  
  60  5:38  Pylon  
  70  5:43  Pylon  
  70  6:00  Adept x5  
  70  6:01  Adept  
  82  6:05  Pylon  
  74  6:20  Probe x2  
  74  6:22  Immortal (Chrono Boost)  
  72  6:39  Assimilator, Probe x2  
  70  6:40  Assimilator  
  62  6:52  Probe  
  53  6:56  Dark Shrine  
  53  7:02  Probe  
  53  7:04  Probe  
  55  7:10  Adept x4  
  55  7:14  Stalker  
  65  7:21  Immortal (Chrono Boost)  
  65  7:27  Gateway  
  69  7:30  Gateway, Pylon  
  69  7:32  Nexus  
  69  7:38  Adept  
  69  7:39  Adept x2  
  75  7:50  Probe x2  
  76  8:07  Probe x2  
  76  8:09  Dark Templar x3  
  84  8:13  Immortal (Chrono Boost)  
  84  8:19  Probe  
  89  8:20  Probe  
  89  8:21  Pylon  
  90  8:31  Probe  
  90  8:32  Probe  
  90  8:43  Probe, Immortal (Chrono Boost)  
  90  8:44  Probe  
  94  8:52  Sentry x3  
  98  8:55  Probe  
  98  9:02  Shield Battery  
  99  9:03  Shield Battery  
  99  9:04  Blink  
  99  9:06  Shield Battery  
  101  9:10  Pylon, Shield Battery, Probe x2  
  101  9:11  Probe  
  102  9:19  Immortal  
  102  9:23  Probe  
  107  9:24  Assimilator  
  107  9:26  Assimilator  
  105  9:37  Robotics Bay  
  103  9:41  Dark Templar  
  105  9:52  Robotics Facility  
  105  9:53  Probe  
  105  9:57  Forge  
  106  10:11  Stalker x5  
  115  10:24  Pylon, Disruptor (Chrono Boost)  
  115  10:26  Pylon  
  115  10:28  Nexus  
  116  10:36  Protoss Ground Weapons Level 1 (Chrono Boost), Probe  
  116  10:37  Probe  
  116  10:38  Probe  
  116  10:39  Pylon  
  116  10:41  Disruptor (Chrono Boost)  
  119  10:45  Photon Cannon  
  119  10:46  Dark Templar  
  124  10:55  Probe x2  
  129  10:57  Disruptor (Chrono Boost)  
  129  10:59  Probe  
  129  11:01  Stalker x4  
  138  11:12  Pylon  
  138  11:13  Disruptor  
  141  11:23  Probe x3  
  141  11:24  Photon Cannon  
  142  11:25  Photon Cannon  
  142  11:28  Assimilator  
  142  11:29  Stalker x3  
  146  11:33  Assimilator  
  146  11:35  Probe  
  146  11:39  Pylon  
  143  11:42  Stalker x3, Pylon  
  145  11:47  Adept x2  
  143  12:05  Stalker x4  
  131  12:22  Disruptor (Chrono Boost)  
  131  12:25  Assimilator  
  131  12:29  Disruptor (Chrono Boost)  
  134  12:30  Sentry x2  
  125  12:45  Stalker  
  125  12:46  Stalker x3  
Show
View Real Time Build Order
Export as new Build Order

AGOElazer Zerg - Winner!

Build Orders: Hatch First 

Get SALT Encoding   

  12  0:00  Drone  
  13  0:12  Overlord  
  13  0:16  Drone  
  14  0:30  Drone x2  
  17  0:42  Drone  
  17  0:53  Hatchery  
  17  0:54  Drone  
  17  0:57  Drone  
  18  1:07  Extractor  
  17  1:12  Spawning Pool  
  17  1:15  Drone  
  17  1:18  Drone  
  18  1:27  Drone  
  19  1:38  Drone  
  20  1:54  Overlord  
  20  1:58  Queen  
  22  2:04  Queen  
  22  2:07  Drone, Zergling x2  
  26  2:08  Metabolic Boost  
  26  2:11  Zergling x2  
  28  2:15  Drone  
  28  2:21  Drone  
  29  2:26  Drone  
  30  2:32  Drone  
  31  2:38  Drone  
  31  2:40  Queen  
  34  2:44  Overlord  
  34  2:49  Drone  
  35  2:53  Hatchery  
  35  2:56  Zergling x2  
  35  2:58  Drone  
  35  3:04  Overlord  
  36  3:07  Drone  
  36  3:12  Drone, Queen  
  38  3:14  Drone  
  38  3:15  Drone  
  38  3:18  Drone  
  38  3:19  Drone  
  44  3:23  Drone  
  44  3:24  Zergling x2  
  47  3:27  Drone  
  47  3:29  Zergling x2  
  47  3:33  Queen  
  50  3:39  Overlord  
  50  3:41  Drone  
  50  3:42  Drone  
  52  3:56  Roach Warren  
  52  3:57  Drone  
  52  3:59  Drone x2  
  52  4:01  Overlord  
  54  4:04  Zergling x2  
  54  4:05  Zergling x4  
  54  4:06  Zergling x2  
  54  4:07  Queen  
  60  4:13  Zergling x4  
  62  4:22  Zergling x6  
  65  4:27  Zergling x6  
  65  4:28  Overlord  
  68  4:38  Roach x3  
  73  4:41  Overlord  
  73  4:48  Roach x4  
  73  4:50  Zergling x2, Overlord  
  82  4:56  Zergling x2  
  82  4:58  Overlord  
  82  5:00  Roach x3  
  82  5:01  Zergling x4  
  90  5:12  Roach  
  84  5:15  Zergling x2  
  84  5:16  Zergling x8  
  84  5:18  Roach  
  84  5:19  Zergling x4  
  86  5:23  Zergling x8  
  87  5:33  Roach  
  87  5:35  Zergling x10  
  93  5:39  Extractor  
  93  5:41  Queen  
  94  5:45  Overlord  
  94  5:49  Overlord  
  94  5:51  Roach x2  
  94  5:56  Roach  
  100  6:05  Roach, Zergling x14  
  105  6:11  Overlord  
  105  6:18  Roach x2  
  102  6:30  Roach x2  
  102  6:31  Zergling x2  
  102  6:32  Zergling x6  
  96  6:40  Roach x3, Zergling x2  
  96  6:41  Zergling x2  
  101  6:49  Drone x3  
  101  6:53  Drone x3  
  105  6:58  Drone  
  105  7:00  Drone  
  107  7:04  Drone x4  
  107  7:07  Lair  
  107  7:08  Drone  
  112  7:13  Drone  
  114  7:15  Drone  
  114  7:16  Extractor  
  114  7:17  Drone  
  114  7:22  Extractor, Overlord  
  113  7:24  Drone x3  
  116  7:32  Drone x7  
  116  7:35  Overlord  
  123  7:41  Overlord x2  
  123  7:47  Overlord  
  122  7:51  Drone  
  122  7:52  Drone  
  122  7:54  Extractor  
  122  7:55  Evolution Chamber  
  122  7:59  Overlord  
  122  8:01  Drone x4  
  122  8:04  Glial Reconstitution  
  126  8:07  Roach x4  
  126  8:11  Overlord  
  134  8:14  Roach x3  
  140  8:20  Extractor  
  140  8:21  Zerg Missile Weapons Level 1  
  140  8:26  Overseer  
  138  8:28  Overseer  
  132  8:35  Overlord  
  132  8:39  Drone x7  
  133  8:42  Drone x3  
  133  8:47  Drone x3  
  134  8:52  Drone x4  
  135  8:57  Roach  
  135  8:58  Roach  
  139  9:04  Roach x2  
  139  9:07  Roach  
  145  9:11  Drone x3  
  146  9:19  Baneling Nest  
  145  9:30  Drone x6  
  149  9:33  Drone x2  
  151  9:40  Drone x5  
  151  9:43  Ravager x3  
  151  9:44  Ravager  
  151  9:45  Hatchery  
  159  9:51  Overlord  
  159  9:55  Drone  
  159  9:58  Infestation Pit, Zergling x2  
  159  9:59  Zergling x10  
  165  10:02  Zergling x2  
  165  10:05  Zergling x4  
  168  10:07  Zergling x4  
  170  10:14  Pneumatized Carapace, Overseer  
  170  10:17  Zerg Melee Weapons Level 1, Centrifical Hooks  
  170  10:23  Zergling x2  
  170  10:24  Zergling x8  
  173  10:28  Drone x3  
  174  10:37  Zergling x12  
  180  10:48  Zergling x2  
  180  10:49  Zergling x12  
  187  10:58  Spire  
  187  11:02  Extractor  
  187  11:03  Extractor  
  184  11:05  Drone x3  
  184  11:06  Drone x3  
  184  11:11  Baneling x15  
  190  11:12  Baneling  
  190  11:30  Zergling x4  
  190  11:32  Overlord  
  188  11:48  Overlord x2  
  188  11:49  Hatchery  
  188  11:50  Overlord x2  
  185  11:56  Baneling x4  
  166  12:10  Mutalisk x16  
  190  12:20  Mutalisk x4  
  178  12:38  Mutalisk  
  178  12:39  Mutalisk x3  
  178  12:40  Zergling x2  
  178  12:41  Zergling x10  
  176  12:45  Zergling x4  
  176  12:46  Zergling x4  
  179  12:55  Zergling x18  
Tags
 
Add a new tag
Caveats
  • Supply blocks, unpowered buildings, or Contaminate may cause inaccurate times.
  • Supply counts are checked every 10 seconds.